 Dungeon Crawl Stone Soup version 0.30-a0-585-g93115170b9 (webtiles) character file.

Game seed: 10190774971575511528

1656 greenreed the Basher (level 9, -4/96 HPs)
             Began as an Ogre Berserker on Jan 1, 2023.
             Was a Believer of Trog.
             Slain by a human
             ... wielding a +0 mace
              (9 damage)
             ... on level 6 of the Dungeon.
             The game lasted 00:08:59 (5348 turns).

greenreed the Basher (Ogre Berserker)               Turns: 5348, Time: 00:09:00

Health: -4/96      AC:  7    Str: 27    XL:     9   Next: 0%
Magic:  9/9        EV: 10    Int:  8    God:    Trog [**....]
Gold:   369        SH:  0    Dex:  8    Spells: 8/8 levels left

rFire   . . .      SeeInvis .    s - +0 flail
rCold   . . .      Faith    .    (no shield)
rNeg    . . .      Spirit   .    b - +0 animal skin
rPois   .          Reflect  .    (helmet restricted)
rElec   .          Harm     .    (no cloak)
rCorr   .          Rampage  .    (gloves unavailable)
Will    .....                    (boots unavailable)
Stlth   +                        k - amulet of the acrobat
HPRegen 0.36/turn                l - +4 ring of protection
MPRegen 0.11/turn                (no ring)

@: on berserk cooldown, slowed, very slow
A: large, unfitting armour, tough skin 1
a: Renounce Religion, Berserk, Trog's Hand


You were on level 6 of the Dungeon.
You worshipped Trog.
Trog was pleased with you.
You visited 1 branch of the dungeon, and saw 6 of its levels.

You collected 369 gold pieces.

Inventory:

Hand Weapons
 s - a +0 flail (weapon)
 A - a +2 mace of holy wrath
Armour
 b - a +0 animal skin (worn)
Jewellery
 i - an amulet of guardian spirit
 k - an amulet of the acrobat (around neck)
 l - a +4 ring of protection (left hand)
Wands
 v - a wand of mindburst (15)
 z - a wand of digging (2)
Scrolls
 a - 2 scrolls of fog {unknown}
 c - 8 scrolls of identify {unknown}
 d - 3 scrolls of silence {unknown}
 e - 2 scrolls of noise {unknown}
 g - 2 scrolls of immolation {unknown}
 j - 2 scrolls of enchant weapon {unknown}
 o - a scroll of poison {unknown}
 r - 2 scrolls of amnesia {unknown}
 u - a scroll of vulnerability {unknown}
 x - a scroll of teleportation {unknown}
 y - a scroll of fear {unknown}
Potions
 f - 5 potions of curing
 h - a potion of ambrosia {unknown}
 m - a potion of berserk rage {unknown}
 n - 3 potions of heal wounds {unknown}
 p - a potion of haste {unknown}
 q - 3 potions of might
 t - a potion of flight {unknown}
 w - 2 potions of cancellation {unknown}


   Skills:
 * Level 7.9 Fighting
 * Level 8.2 Maces & Flails
 + Level 4.7 Dodging
 + Level 1.7 Stealth


You had 8 spell levels left.
You didn't know any spells.
Your spell library was empty.

Dungeon Overview and Level Annotations

Branches:
Dungeon (6/15)             Temple (0/1) D:5

Altars:
Nemelex Xobeh
Qazlal
Trog
Vehumet
Yredelemnul

Shops:
D:1 (   D:2 (=

Annotations:
D:5 Ijyb


Innate Abilities, Weirdness & Mutations

You are too large for most types of armour.
You have tough skin. (AC +1)


Message History

You sock the human!
The human is moderately wounded.
You hit the human.
The human is heavily wounded.
The human hits you with a +0 club. The human completely misses you.
The human hits you with a +0 mace.
You barely miss the human.
The human is heavily wounded.
The human hits you with a +0 club. The human hits you with a +0 club!
The human barely misses you.
You sock the human!
The human is severely wounded.
You barely miss the human.
The human is severely wounded.
The human hits you with a +0 club. x2
* * * LOW HITPOINT WARNING * * *
The human hits you with a +0 mace.
* * * LOW HITPOINT WARNING * * *
You closely miss the human.
The human is severely wounded.
You closely miss the human.
The human is severely wounded.
You are no longer berserk.
You are exhausted.
You feel yourself slow down. The human hits you with a +0 club.
* * * LOW HITPOINT WARNING * * *
The human closely misses you. The human hits you with a +0 mace!
* * * LOW HITPOINT WARNING * * *
You hit the human.
The human is almost dead.
The human hits you but does no damage. x2; The human hits you with a +0 mace.
* * * LOW HITPOINT WARNING * * *
The human closely misses you. The human hits you with a +0 mace.
* * * LOW HITPOINT WARNING * * *
The human hits you with a +0 club.
* * * LOW HITPOINT WARNING * * *
It was a potion of curing.
You feel better. The human hits you with a +0 club.
* * * LOW HITPOINT WARNING * * *
The human hits you with a +0 mace!
You die...

...#+###.....#######......#....
......†......#.....#......#....
.............#.....#......#
.............#...?.#......
.............#...........
.............#......
...#####.....#p... ...
#.....#pp# ## #.....#@p#
#.....'..# #.....#.......
#######....... .........
......... ......... ##########


You could see 4 humans.

Vanquished Creatures
  Pikel (D:5)
  A human (D:6)
  Duvessa (D:5)
  A black bear (D:5)
  An ice beast (D:6)
  A centaur (D:5)
  A lemure (D:4)
  A phantom (D:5)
  2 scorpions (D:5)
  A necrophage (D:5)
  Dowan (D:5)
  A howler monkey (D:6)
  2 hounds (D:5)
  Crazy Yiuf (D:5)
  An iguana (D:6)
  8 adders
  4 gnolls (D:2)
  A shadow imp (D:5)
  A white imp (D:5)
  An ufetubus (D:5)
  3 dart slugs
  2 worms (D:2)
  5 orcs
  6 endoplasms
  5 giant cockroaches
  6 goblins
  4 hobgoblins
  2 jackals (D:1)
  4 quokkas
  7 ball pythons
  6 bats
  4 frilled lizards
  7 kobolds
  10 rats
103 creatures vanquished.

Notes
Turn   | Place    | Note
-------+----------+-------------------------------------------
     0 | D:1      | greenreed the Ogre Berserker began the quest for the Orb.
     0 | D:1      | Reached XP level 1. HP: 24/24 MP: 1/1
   140 | D:1      | Found Ameseeci's Weapon Shoppe.
   172 | D:1      | Reached XP level 2. HP: 24/33 MP: 2/2
   272 | D:1      | Reached skill level 3 in Maces & Flails
   519 | D:1      | Reached XP level 3. HP: 40/40 MP: 3/3
  1245 | D:2      | Found Saczy's Jewellery Boutique.
  1274 | D:2      | Reached XP level 4. HP: 26/49 MP: 4/4
  1401 | D:2      | Found Keleufrufug's Antique Weapon Emporium.
  1517 | D:2      | Reached ** piety under Trog
  1520 | D:2      | Reached skill level 5 in Fighting
  1520 | D:2      | Reached skill level 4 in Maces & Flails
  1757 | D:2      | Reached XP level 5. HP: 57/57 MP: 5/5
  1940 | D:3      | Found a faded altar of an unknown god.
  2483 | D:3      | Found a sparkling altar of Nemelex Xobeh.
  2759 | D:3      | Found a basalt altar of Yredelemnul.
  2760 | D:3      | Found a bloodstained altar of Trog.
  3503 | D:5      | Entered Level 5 of the Dungeon
  3522 | D:5      | Reached skill level 1 in Stealth
  3522 | D:5      | Reached XP level 6. HP: 66/66 MP: 6/6
  3584 | D:5      | Noticed Duvessa
  3585 | D:5      | Noticed Dowan
  3586 | D:5      | Noticed a black bear
  3593 | D:5      | Killed Duvessa
  3594 | D:5      | Reached skill level 5 in Maces & Flails
  3595 | D:5      | Killed a black bear
  3596 | D:5      | Reached XP level 7. HP: 75/75 MP: 7/7
  3612 | D:5      | Killed Dowan
  3644 | D:5      | Noticed Pikel
  3882 | D:5      | Killed Pikel
  3883 | D:5      | Reached skill level 7 in Maces & Flails
  3883 | D:5      | Reached XP level 8. HP: 37/87 MP: 8/8
  4434 | D:5      | Found a stormy altar of Qazlal.
  4598 | D:5      | Noticed Ijyb
  4605 | D:5      | Found a staircase to the Ecumenical Temple.
  4629 | D:5      | Found a runed translucent door.
  4630 | D:5      | Noticed Crazy Yiuf
  4694 | D:5      | Killed Crazy Yiuf
  5224 | D:6      | Identified the +2 robe of Edghun {rElec rF+ Will- Int+4}
  5248 | D:6      | Found a radiant altar of Vehumet.
  5309 | D:6      | Reached skill level 8 in Maces & Flails
  5338 | D:6      | Reached XP level 9. HP: 71/96 MP: 9/9
  5347 | D:6      | HP: 4/96 [human/+0 club (1)]
  5348 | D:6      | Slain by a human

Illustrated notes

Levels and vault maps discovered:
D:1:      scummos_arrival_simple_crosswalls, layout_basic, serial_shops,
          nicolae_shop_bloodbath_and_beyond
D:2:      layout_basic, serial_shops, shop, nicolae_shop_stone
D:3:      kennysheep_big_flooded_room, layout_basic,
          mainiacjoe_overflow_catwalk, mainiacjoe_overflow_divided_tiny,
          ebering_ecumenical_altar_mist, chequers_jeans
D:4:      layout_loops_ring
D:5:      layout_cave_pods, mainiacjoe_overflow_paths,
          minmay_temple_entry_offerings, uniq_duvessa, uniq_crazy_yiuf_cottage,
          uniq_ijyb, uniq_pikel
D:6:      layout_gridville, amcnicky_altar_gilded, nicolae_ru_path_of_blood,
          minmay_ruffians

Skill      XL: |  1  2  3  4  5  6  7  8 |
---------------+-------------------------+-----
Maces & Flails | 3 4 5 7 8 |  8.2
Dodging        | 3 4 |  4.7
Fighting       | 5 6 7 |  7.9
Stealth        | 1 |  1.7

Action                   |  1- 3 |  4- 6 |  7- 9 || total
-------------------------+-------+-------+-------++-------
Melee: Mace              |    83 |    96 |       ||   179
       Punch             |     2 |     1 |       ||     3
       Flail             |       |    69 |   133 ||   202
Invok: Berserk           |     2 |     2 |     4 ||     8
       Trog's Hand       |       |     1 |       ||     1
  Use: Potion            |       |       |     1 ||     1
 Stab: Sleeping          |     1 |     2 |       ||     3
Armor: Animal skin       |    27 |    86 |    54 ||   167
Dodge: Dodged            |    70 |   127 |   109 ||   306

Table legend: (Time is in decaauts)
 A = Elapsed time spent in this place.
 B = Non-inter-level travel time spent in this place.
 C = Inter-level travel time spent in this place.
 D = Time resting spent in this place.
 E = Time spent auto-exploring this place.
 F = Levels seen in this place.
 G = Mean time per level.
                   A        B        C        D        E       F      G
               +--------+--------+--------+--------+--------+-----+--------+
         Total |   5467 |   4971 |    496 |    523 |   3579 |   6 |  911.2 |
       Dungeon |   5467 |   4971 |    496 |    523 |   3579 |   6 |  911.2 |
               +--------+--------+--------+--------+--------+-----+--------+

Top non-repeatable levels by time:
     D:5: 1458 daAuts
     D:1: 1241 daAuts
     D:3: 918 daAuts
     D:4: 859 daAuts
     D:2: 754 daAuts
     D:6: 235 daAuts
